 Dungeon Crawl Stone Soup version 0.27-a0-1200-g94dc6ad (webtiles) character file.

Game seed: 16355853872836223096

63 Meow the Sneak (level 4, 36/36 HPs)
             Began as a Naga Venom Mage on May 30, 2021.
             Quit the game on level 2 of the Dungeon.
             The game lasted 00:06:10 (1817 turns).

Meow the Sneak (Naga Venom Mage)                    Turns: 1817, Time: 00:06:11

Health: 36/36      AC:  2    Str: 10    XL:     4   Next: 10%
Magic:  5/8        EV: 10    Int: 16    God:
Gold:   42         SH:  0    Dex: 12    Spells: 2/9 levels left

rFire    . . .     SeeInvis +   a - +0 hand axe
rCold    . . .     Faith    .   (no shield)
rNeg     . . .     Spirit   .   c - +0 robe
rPois    +         Reflect  .   (no helmet)
rElec    .         Harm     .   f - scarf {+Inv}
rCorr    .         Rampage  .   (no gloves)
Will     .....                  (no barding)
Stlth    +++.......             (no amulet)
HPRegen  0.12/turn              j - +4 ring of slaying
MPRegen  0.11/turn              (no ring)

@: short of breath, very slow
A: AC +1, large, see invisible, deformed body, poison resistance, slowness 2,
spit poison 1, naga tail 1
a: Spit Poison, Evoke Invisibility


You were on level 2 of the Dungeon.
You visited 1 branch of the dungeon, and saw 2 of its levels.

You collected 42 gold pieces.

Inventory:

Hand Weapons
 a - a +0 hand axe (weapon)
Missiles
 e - 22 bolts
 g - 31 stones (quivered)
 h - 10 sling bullets
Armour
 c - a +0 robe (worn)
 f - a scarf of invisibility (worn)
Jewellery
 j - a +4 ring of slaying (left hand)
Scrolls
 b - a scroll of enchant weapon {unknown}
 k - a scroll of enchant armour {unknown}
Potions
 d - a potion of brilliance {unknown}
 i - a potion of curing {unknown}


   Skills:
 - Level 1.5 Dodging
 + Level 4.3 Stealth
 * Level 3.0 Spellcasting
 + Level 1.7 Conjurations
 - Level 1.0 Transmutations
 - Level 4.0 Poison Magic


You had 2 spell levels left.
You knew the following spells:

 Your Spells              Type           Power      Damage    Failure   Level
a - Sting                 Tmut/Pois      40%        1d5       7%          1
c - Mephitic Cloud        Conj/Pois/Air  8%         N/A       26%         3
C - Ignite Poison         Fire/Tmut/Pois 7%         N/A       28%         3

Your spell library contained the following spells:

 Spells                   Type           Power      Damage    Failure   Level
 Poisonous Vapours        Pois/Air       16%        N/A       12%         2
 Olgreb's Toxic Radiance  Pois           15%        N/A       34%         4


Dungeon Overview and Level Annotations

Branches:
Dungeon (2/15)

Altars:
Zin


Innate Abilities, Weirdness & Mutations

Your serpentine skin is tough. (AC +1)
You have supernaturally acute eyesight. (SInv)
Armour fits poorly on your strangely shaped body.
Your system is resistant to poisons. (rPois)
You cover ground very slowly.
You can spit poison.
You have a snake-like lower body.


Message History

Press: ? - help, Shift-Dir - straight line, f - bat
Aim: a bat (asleep)
The splash of poison hits the bat.
You kill the bat!
Unknown command.
You start waiting.
You have got your breath back.
You see here a bat corpse.
A frilled lizard comes into view.
Press: ? - help, Shift-Dir - straight line, f - frilled lizard
Aim: a frilled lizard (asleep)
The splash of poison hits the frilled lizard.
The frilled lizard is poisoned.
You kill the frilled lizard!
You have got your breath back.
You see here a frilled lizard corpse.
An adder comes into view.
The adder hisses angrily.
Press: ? - help, Shift-Dir - straight line, f - adder
Aim: an adder The splash of poison hits the adder.
The adder is poisoned.
The adder is moderately wounded.
Casting: Sting (safe; 7% risk of failure)
Confirm with . or Enter, or press ? or * to list all spells.
Aiming: Sting (safe; 7% risk of failure)
Press: ? - help, Shift-Dir - straight line, f/p - adder
Aim: an adder (moderately wounded, poisoned, 53% to hit)
The sting hits the adder.
The adder looks even sicker.
The adder is severely wounded.
Casting: Sting (safe; 7% risk of failure)
Confirm with . or Enter, or press ? or * to list all spells.
Aiming: Sting (safe; 7% risk of failure)
Press: ? - help, Shift-Dir - straight line, f/p - adder
Aim: an adder (almost dead, very poisoned, 53% to hit)
The sting misses the adder.
You kill the adder!
Your Spellcasting skill increases to level 3!
You have reached level 4!
You feel agile.
Are you sure you want to abandon this character and quit the game? (Confirm with "yes".)

# ######... # #........ #
########@# # #........# #
#.######## # #####.## ... #
#......# #.#
#####.###..########### #.#
............##.......####.#
####........##.....†......#
........##..##.......#.##.#


There were no monsters in sight!

Vanquished Creatures
  2 adders (D:2)
  A worm (D:2)
  4 endoplasms
  A giant cockroach (D:1)
  3 goblins (D:1)
  5 hobgoblins
  7 jackals (D:1)
  4 quokkas
  A ball python (D:2)
  3 bats
  A frilled lizard (D:2)
  2 kobolds (D:1)
  3 rats (D:2)
37 creatures vanquished.

Notes
Turn   | Place    | Note
-------+----------+-------------------------------------------
     0 | D:1      | Meow the Naga Venom Mage began the quest for the Orb.
     0 | D:1      | Reached XP level 1. HP: 15/15 MP: 3/3
    94 | D:1      | Reached XP level 2. HP: 14/22 MP: 0/5
   435 | D:1      | Reached skill level 1 in Conjurations
   760 | D:1      | Found a faded altar of an unknown god.
   770 | D:1      | Reached XP level 3. HP: 28/28 MP: 2/6
   774 | D:1      | Learned a level 3 spell: Mephitic Cloud
  1238 | D:1      | Learned a level 3 spell: Ignite Poison
  1566 | D:2      | Found a glowing silver altar of Zin.
  1817 | D:2      | Reached XP level 4. HP: 36/36 MP: 5/8
  1817 | D:2      | Quit the game

Illustrated notes

Levels and vault maps discovered:
D:1:      scummos_arrival_hexagon, layout_loops_corners,
          hellmonk_ecumenical_altar_dog_temple
D:2:      layout_loops_cross, basic_altar

Skill      XL: |  1  2  3 |
---------------+----------+-----
Conjurations   | 1 |  1.7
Stealth        | 4 |  4.3
Spellcasting   | 3 |  3.0
Dodging        | |  1.5
Transmutations | |  1.0
Poison Magic   | |  4.0

Action                   |  1- 3 |  4- 6 || total
-------------------------+-------+-------++-------
Melee: Dagger            |     1 |       ||     1
       Hand axe          |     1 |       ||     1
Throw: Stone             |    12 |       ||    12
 Cast: Sting             |    31 |       ||    31
 Abil: Spit Poison       |    44 |       ||    44
Armor: Robe              |     3 |       ||     3
Dodge: Dodged            |    18 |       ||    18

Table legend: (Time is in decaauts)
 A = Elapsed time spent in this place.
 B = Non-inter-level travel time spent in this place.
 C = Inter-level travel time spent in this place.
 D = Time resting spent in this place.
 E = Time spent auto-exploring this place.
 F = Levels seen in this place.
 G = Mean time per level.
                   A        B        C        D        E       F      G
               +--------+--------+--------+--------+--------+-----+--------+
         Total |   2338 |   2312 |     26 |    355 |   1634 |   2 | 1169.0 |
       Dungeon |   2338 |   2312 |     26 |    355 |   1634 |   2 | 1169.0 |
               +--------+--------+--------+--------+--------+-----+--------+

Top non-repeatable levels by time:
     D:1: 1606 daAuts
     D:2: 731 daAuts
